 Dungeon Crawl Stone Soup version 0.23.1 (webtiles) character file.

Game seed: 6217434710878935966

106 studuhmizer the Magician (level 4, -6/32 HPs)
             Began as a Mummy Wizard on Mar 9, 2019.
             Mangled by a worm (9 damage)
             ... on level 3 of the Dungeon.
             The game lasted 00:06:29 (3953 turns).

studuhmizer the Magician (Mummy Wizard)             Turns: 3953, Time: 00:06:29

Health: -6/32      AC:  3    Str: 10    XL:     4   Next: 55%
Magic:  9/11       EV: 12    Int: 18    God:
Gold:   87         SH:  0    Dex: 10    Spells: 5/13 levels left

rFire    x . .     SeeInvis .   j - +2 whip (venom)
rCold    + . .     Gourm    .   (no shield)
rNeg     + + +     Faith    .   a - +0 robe
rPois    ∞         Spirit   .   b - +0 hat
rElec    .         Reflect  .   i - +0 cloak (curse)
rCorr    .         Harm     .   (no gloves)
MR       .....                  (no boots)
Stlth    ++........             (no amulet)
HPRegen  0.10/turn              (no ring)
MPRegen  0.12/turn              (no ring)

@: very slightly contaminated
A: no food or potions, fire vulnerability, cold resistance 1, negative energy
resistance 3, torment resistance, unbreathing
a: no special abilities


You were on level 3 of the Dungeon.
You were not hungry.

You visited 1 branch of the dungeon, and saw 3 of its levels.

You collected 87 gold pieces.

Inventory:

Hand Weapons
 c - a cursed +0 short sword
 g - a +0 dagger
 j - a +2 whip of venom (weapon)
Armour
 a - a +0 robe (worn)
 b - a +0 hat (worn)
 i - a cursed +0 cloak (worn)
Jewellery
 k - a cursed ring of teleportation {unknown}
Scrolls
 e - 8 scrolls of remove curse
 f - 2 scrolls of fear


   Skills:
 + Level 1.6 Fighting
 - Level 1.5 Dodging
 - Level 1.5 Stealth
 * Level 5.2 Spellcasting
 * Level 2.3 Conjurations
 + Level 0.8 Summonings
 - Level 0.7 Translocations
 + Level 0.1 Fire Magic


You had 5 spell levels left.
You knew the following spells:

 Your Spells              Type           Power        Failure   Level  Hunger
a - Conjure Flame         Conj/Fire      #.......     24%         3    N/A
b - Blink                 Tloc           N/A          14%         2    N/A
c - Call Imp              Summ           #.......     14%         2    N/A
z - Magic Dart            Conj           ##..         4%          1    N/A

Your spell library contained the following spells:

 Spells                   Type           Power        Failure   Level  Hunger
 Apportation              Tloc           #.....       10%         1    N/A
 Summon Small Mammal      Summ           #...         10%         1    N/A
 Animate Skeleton         Necr           N/A          13%         1    N/A
 Confusing Touch          Hex            #.....       13%         1    N/A
 Slow                     Hex            #.......     21%         2    N/A
 Mephitic Cloud           Conj/Pois/Air  #.......     28%         3    N/A

Dungeon Overview and Level Annotations

Branches:
Dungeon (3/15)

Altars:
Elyvilon
Beogh


Innate Abilities, Weirdness & Mutations

You do not eat or drink.
Your flesh is vulnerable to fire.
You are immune to poison.
Your flesh is cold resistant. (rC+)
You are immune to negative energy. (rN+++)
You are immune to unholy pain and torment.
You can survive without breathing.


Message History

The worm bites you.
* * * LOW HITPOINT WARNING * * *
Casting: Magic Dart (safe; 4% risk of failure)
Confirm with . or Enter, or press ? or * to list all spells.
Aiming: Magic Dart (safe; 4% risk of failure)
Press: ? - help, Shift-Dir - straight line, f - worm
Aim: a worm (black smoke, heavily wounded, poisoned)
The magic dart hits the worm.
The worm is severely wounded.
The frilled lizard closely misses you. The orc closely misses you.
Casting: Magic Dart (safe; 4% risk of failure)
Confirm with . or Enter, or press ? or * to list all spells.
Aiming: Magic Dart (safe; 4% risk of failure)
Press: ? - help, Shift-Dir - straight line, f/p - worm
Aim: a worm (black smoke, severely wounded, poisoned)
You miscast Magic Dart.
You are very lightly contaminated with residual magic.
You are momentarily dazzled by a flash of light!
The frilled lizard barely misses you. The worm bites you!
You die...

......# #.§#
###.#.#############..#
....#........†o.o....# #
##..###############..#.#
#... ..##....# #..#
#.##o#### ...# #§##.#
### #w##o# #@##.#
####l##.#############
#..o§##......$.o....#
#o##.#############.##
#.#................#
#......#############
###.##.# #.##.# #.##.#


You could see a worm, an orc and a frilled lizard.

Vanquished Creatures
  Jessica (D:2)
  2 adders (D:2)
  3 worms
  A dart slug (D:2)
  A leopard gecko (D:1)
  An orc (D:2)
  A ball python (D:2)
  3 giant cockroaches
  4 goblins
  7 hobgoblins
  7 bats
  4 frilled lizards
  7 kobolds
  13 rats
55 creatures vanquished.

Notes
Turn   | Place    | Note
-------+----------+-------------------------------------------
     0 | D:1      | studuhmizer the Mummy Wizard began the quest for the Orb.
     0 | D:1      | Reached XP level 1. HP: 13/13 MP: 5/5
   123 | D:1      | Reached skill level 1 in Conjurations
   382 | D:1      | Reached XP level 2. HP: 20/20 MP: 1/7
  1433 | D:2      | Reached skill level 1 in Fighting
  1433 | D:2      | Reached XP level 3. HP: 23/26 MP: 1/9
  1437 | D:2      | Learned a level 2 spell: Call Imp
  1437 | D:2      | Noticed Jessica
  1440 | D:2      | Learned a level 2 spell: Blink
  2004 | D:2      | Killed Jessica
  2004 | D:2      | Reached skill level 5 in Spellcasting
  2004 | D:2      | Reached XP level 4. HP: 32/32 MP: 4/11
  2063 | D:2      | Learned a level 3 spell: Conjure Flame
  2330 | D:2      | Found a white marble altar of Elyvilon.
  2809 | D:3      | Found a roughly hewn altar of Beogh.
  3953 | D:3      | Mangled by a worm

Skill      XL: |  1  2  3 |
---------------+----------+-----
Conjurations   | 1 2 |  2.3
Fighting       | 1 |  1.6
Spellcasting   | 5 |  5.2
Dodging        | |  1.5
Stealth        | |  1.5
Summonings     | |  0.8
Translocations | |  0.7
Fire Magic     | |  0.1

Action                   |  1- 3 |  4- 6 || total
-------------------------+-------+-------++-------
Melee: Unarmed           |     5 |       ||     5
       Dagger            |     2 |    16 ||    18
       Whip              |       |    10 ||    10
 Cast: Magic Dart        |    90 |    80 ||   170
  Use: Scroll            |     4 |     2 ||     6
 Stab: Sleeping          |       |     1 ||     1
Armor: Robe              |     5 |    13 ||    18
Dodge: Dodged            |    20 |    56 ||    76
